 Dungeon Crawl Stone Soup version 0.28-a0-447-g1f95980246 (webtiles) character file.

Game seed: 1000030493658964708

2139 siradein the Carver (level 9, -4/70 HPs)
             Began as a Minotaur Fighter on Sept 13, 2021.
             Succumbed to a killer bee's poison
             ... on level 5 of the Dungeon.
             The game lasted 00:19:26 (5875 turns).

siradein the Carver (Minotaur Fighter)              Turns: 5875, Time: 00:19:29

Health: -4/70      AC: 11    Str: 23    XL:     9   Next: 9%
Magic:  8/8        EV:  9    Int:  5    God:
Gold:   272        SH:  4    Dex: 11    Spells: 8/8 levels left

rFire   + + .      SeeInvis +   A - +1 falchion (elec)
rCold   x . .      Faith    .   c - +0 buckler
rNeg    . . .      Spirit   .   g - +0 fire dragon scales
rPois   .          Reflect  .   (helmet restricted)
rElec   .          Harm     .   z - +0 cloak
rCorr   .          Rampage  .   k - +0 pair of gloves
Will    .....                   (no boots)
Stlth   ..........              (no amulet)
HPRegen 0.21/turn               e - ring of see invisible
MPRegen 0.11/turn               q - ring of flight

@: lethally poisoned (-4 -> -18), flying
A: horns 2, retaliatory headbutt
a: no special abilities


You were on level 5 of the Dungeon.
You visited 1 branch of the dungeon, and saw 6 of its levels.

You collected 272 gold pieces.

Inventory:

Hand Weapons
 A - a +1 falchion of electrocution (weapon)
Armour
 c - a +0 buckler (worn)
 g - +0 fire dragon scales (worn)
 k - a +0 pair of gloves (worn)
 z - a +0 cloak (worn)
Jewellery
 b - a ring of protection from cold
 e - a ring of see invisible (left hand)
 q - a ring of flight (right hand)
 u - a ring of ice
Wands
 y - a wand of acid (4)
Scrolls
 j - 2 scrolls of teleportation
 l - a scroll of amnesia
 m - 2 scrolls of enchant weapon {unknown}
 n - a scroll of acquirement
 o - a scroll of fear {unknown}
 s - 2 scrolls of noise {unknown}
 v - a scroll of brand weapon {unknown}
 w - a scroll of enchant armour {unknown}
 x - a scroll of magic mapping {unknown}
Potions
 d - 3 potions of might
 f - a potion of invisibility
 h - 4 potions of heal wounds
 i - 2 potions of haste
 p - 2 potions of flight
 r - a potion of brilliance {unknown}
 t - a potion of curing {unknown}


   Skills:
 - Level 3.6 Fighting
 + Level 13.8 Long Blades
 - Level 3.6 Armour
 - Level 4.0 Shields


You had 8 spell levels left.
You didn't know any spells.
Your spell library contained the following spells:

 Spells                   Type           Power      Damage    Failure   Level
 Magic Dart               Conj           0%         1d3       85%         1
 Blink                    Tloc           N/A        N/A       94%         2
 Call Imp                 Summ           0%         N/A       94%         2
 Slow                     Hex            0%         N/A       94%         2
 Call Canine Familiar     Summ           0%         N/A       99%         3
 Confusing Touch          Hex            0%         N/A       99%         3
 Mephitic Cloud           Conj/Pois/Air  0%         N/A       99%         3
 Ozocubu's Armour         Ice            0%         N/A       99%         3
 Summon Forest            Summ/Tloc      0%         N/A       100%        5
 Summon Mana Viper        Hex/Summ       0%         N/A       100%        5
 Yara's Violent Unravell  Hex/Tmut       0%         3d3       100%        5
 Eringya's Noxious Bog    Tmut/Pois      0%         N/A       100%        6
 Summon Cactus Giant      Summ           0%         N/A       100%        6
 Ozocubu's Refrigeration  Ice            0%         4d5       100%        7
 Summon Hydra             Summ           0%         N/A       100%        7
 Summon Horrible Things   Summ           0%         N/A       100%        8


Dungeon Overview and Level Annotations

Branches:
Dungeon (6/15)
 Temple: D:4-7

Altars:
Cheibriados
Qazlal
Ru
Sif Muna
The Shining One

Shops:
D:2 =


Innate Abilities, Weirdness & Mutations

You have a pair of horns on your head.
You reflexively headbutt those who attack you in melee.


Message History

You feel sick. The killer bee stings you.
You are more poisoned.
The killer bee poisons you!
The killer bee stings you but does no damage.
You feel very sick.
The killer bee stings you but does no damage. x2
The killer bee stings you.
You feel sick.
The killer bee stings you but does no damage. x2
The killer bee misses you.
The killer bee stings you but does no damage.
The killer bee barely misses you.
You feel sick.
The killer bee stings you but does no damage.
You block the killer bee's attack. The killer bee closely misses you.
You feel sick. The killer bee barely misses you. You furiously retaliate!
You headbutt the killer bee. The killer bee closely misses you.
You feel sick. The killer bee closely misses you. You furiously retaliate!
You headbutt the killer bee. The killer bee barely misses you.
You feel sick. The killer bee stings you.
* * * LOW HITPOINT WARNING * * *
The killer bee stings you.
* * * LOW HITPOINT WARNING * * *
You are lethally poisoned!
The killer bee poisons you!
There is a stone staircase leading up, spattered with blood here.
* * * LOW HITPOINT WARNING * * *
You feel sick. The killer bee stings you.
* * * LOW HITPOINT WARNING * * *
The killer bee stings you!
* * * LOW HITPOINT WARNING * * *
You are more poisoned.
The killer bee poisons you!
The killer bee stings you but does no damage.
You block the killer bee's attack. The killer bee barely misses you.
You furiously retaliate!
You headbutt the killer bee!
The killer bee stings you but does no damage.
The killer bee misses you.
You fly upwards.
You die...

.....+.......#...######......#
.#.###.......#...............#
.#.......)##############..#######
.#........###.(...........#......
)#........#_'.............#.#####
.#........###.............#.#
.#.#####..##############..#.#
...#####....##.y..........#.#
................@.........#.#
...............y.y........#.#
.......................####.#
...####................# #.# ...#
#................####'## ...#
##########.............#
...#############.............#
.............##............(.#
.............++..............#


You could see 3 killer bees.

Vanquished Creatures
  Pikel (D:5)
  Sigmund (D:3)
  A wraith (D:6)
  An ice beast (D:4)
  A sky beast (D:5)
  3 black bears
  A centaur (D:5)
  3 scorpions
  A water moccasin skeleton (D:5)
  A water moccasin zombie (D:6)
  A hound (D:5)
  3 orc priests
  A centaur skeleton (D:5)
  Terence (D:2)
  An iguana (D:5)
  3 orc wizards (D:6)
  A scorpion zombie (D:5)
  2 hound skeletons (D:5)
  A howler monkey zombie (D:6)
  4 gnolls
  8 adders
  A shadow imp (D:5)
  4 ufetubi
  An adder skeleton (D:4)
  8 worms
  2 dart slugs
  17 orcs
  4 bats
  8 endoplasms
  4 giant cockroaches
  4 goblins
  3 hobgoblins
  12 kobolds
  4 quokkas
  4 ball pythons
  2 frilled lizards
  5 rats
123 creatures vanquished.

Notes
Turn   | Place    | Note
-------+----------+-------------------------------------------
     0 | D:1      | siradein the Minotaur Fighter began the quest for the Orb.
     0 | D:1      | Reached XP level 1. HP: 19/19 MP: 0/0
    83 | D:1      | Found a faded altar of an unknown god.
   166 | D:1      | Reached skill level 3 in Long Blades
   166 | D:1      | Reached XP level 2. HP: 26/26 MP: 1/1
   314 | D:1      | Reached skill level 4 in Long Blades
   314 | D:1      | Reached XP level 3. HP: 24/31 MP: 2/2
   768 | D:2      | Noticed Terence
   774 | D:2      | Killed Terence
   775 | D:2      | Reached skill level 5 in Long Blades
   775 | D:2      | Reached XP level 4. HP: 37/39 MP: 3/3
   845 | D:2      | Found Virhocra's Jewellery Emporium.
  1747 | D:3      | Reached skill level 6 in Long Blades
  2105 | D:3      | Reached XP level 5. HP: 35/45 MP: 4/4
  2366 | D:3      | Found a glowing golden altar of the Shining One.
  2460 | D:3      | Noticed Sigmund
  2470 | D:3      | Killed Sigmund
  2471 | D:3      | Reached skill level 7 in Long Blades
  2471 | D:3      | Reached XP level 6. HP: 39/51 MP: 5/5
  2637 | D:4      | Found a sacrificial altar of Ru.
  2673 | D:4      | Reached skill level 8 in Long Blades
  3008 | D:4      | Identified the +1 leather armour of Bytyi {rElec Regen+
                  | MP-9 Int-2}
  3172 | D:4      | Found a snail-covered altar of Cheibriados.
  3400 | D:4      | Identified a scroll of acquirement
  3420 | D:5      | Entered Level 5 of the Dungeon
  3460 | D:5      | Found a stormy altar of Qazlal.
  3463 | D:5      | Noticed an air elemental
  3463 | D:5      | Noticed a water elemental
  3463 | D:5      | Noticed a fire elemental
  3561 | D:5      | Noticed an ice beast
  3580 | D:5      | Reached skill level 9 in Long Blades
  3868 | D:4      | Reached XP level 7. HP: 53/57 MP: 6/6
  3920 | D:5      | Reached skill level 10 in Long Blades
  4280 | D:5      | Reached skill level 11 in Long Blades
  4280 | D:5      | Reached XP level 8. HP: 57/64 MP: 7/7
  4819 | D:5      | Found a shimmering blue altar of Sif Muna.
  5192 | D:6      | Reached skill level 12 in Long Blades
  5278 | D:6      | Noticed Pikel
  5340 | D:5      | Killed Pikel
  5341 | D:5      | Reached skill level 13 in Long Blades
  5456 | D:6      | Reached XP level 9. HP: 48/70 MP: 8/8
  5581 | D:6      | Got the Almanac of the Creative Voyage
  5874 | D:6      | HP: 1/70 [killer bee (7)]
  5875 | D:5      | Succumbed to a killer bee's poison

Illustrated notes

Levels and vault maps discovered:
D:1:      nzn_arrival_water_spiral, layout_basic,
          hellmonk_ecumenical_altar_crossroads
D:2:      layout_loops_ring, serial_shops, shop, hangedman_glass_teeth,
          minmay_split_cup_small, uniq_terence
D:3:      layout_loops_ring, marbit_many_paths, serial_glass, glass_columns_a,
          glass_columns_a, feat_on_display, uniq_sigmund
D:4:      layout_basic, mainiacjoe_overflow_small_starburst,
          hangedman_ru_absence
D:5:      layout_basic, lemuel_blue_sif_altar, nicolae_qazlal_style_of_elements,
          cheibrodos_sewer_entry_sluice, minmay_fractal_squares_5
D:6:      layout_layer_cave, mainiacjoe_overflow_alcove_1, uniq_pikel

Skill      XL: |  1  2  3  4  5  6  7  8 |
---------------+-------------------------+-----
Shields        | 4 |  4.0
Long Blades    | 3 4 5 6 7 9 11 13 | 13.8
Fighting       | |  3.6
Armour         | |  3.6

Action                   |  1- 3 |  4- 6 |  7- 9 || total
-------------------------+-------+-------+-------++-------
Melee: Long sword        |    58 |   151 |   167 ||   376
       Headbutt          |     7 |    30 |    35 ||    72
       Falchion          |       |       |     2 ||     2
  Use: Scroll            |       |     7 |       ||     7
Armor: Scale mail        |    23 |       |       ||    23
       Fire dragon scale |     1 |    89 |   100 ||   190
Dodge: Dodged            |    28 |    88 |    72 ||   188
Block: Buckler           |    15 |    38 |    30 ||    83

Table legend: (Time is in decaauts)
 A = Elapsed time spent in this place.
 B = Non-inter-level travel time spent in this place.
 C = Inter-level travel time spent in this place.
 D = Time resting spent in this place.
 E = Time spent auto-exploring this place.
 F = Levels seen in this place.
 G = Mean time per level.
                   A        B        C        D        E       F      G
               +--------+--------+--------+--------+--------+-----+--------+
         Total |   5882 |   5716 |    166 |    434 |   4063 |   6 |  980.3 |
       Dungeon |   5882 |   5716 |    166 |    434 |   4063 |   6 |  980.3 |
               +--------+--------+--------+--------+--------+-----+--------+

Top non-repeatable levels by time:
     D:5: 1346 daAuts
     D:4: 1123 daAuts
     D:2: 1011 daAuts
     D:3: 940 daAuts
     D:6: 798 daAuts
     D:1: 661 daAuts
